 Dungeon Crawl Stone Soup version 0.29-a0-251-g80730f7218 (webtiles) character file.

Game seed: 10989029695108653898

634805 Hofan the Ninja (level 27, -64/152 HPs)
             Began as a Spriggan Enchanter on Mar 3, 2022.
             Was the Champion of Dithmenos.
             Annihilated by Zaupung the pandemonium lord (72 damage)
             ... on level 14 of a ziggurat on Mar 5, 2022.
             The game lasted 04:40:45 (73953 turns).

Hofan the Ninja (Spriggan Enchanter)               Turns: 73953, Time: 04:40:45

Health: -64/152    AC: 17    Str: 18    XL:     27
Magic:  44/55      EV: 38    Int: 32    God:    Dithmenos [******]
Gold:   11740      SH:  4    Dex: 17    Spells: 29/80 levels left

rFire   . . .      SeeInvis +   t - +9 quick blade (elec)
rCold   . . .      Faith    .   d - orb {guile}
rNeg    . . .      Spirit   .   z - +5 steam dragon scales
rPois   .          Reflect  .   y - +3 crown of Dyrovepreva {rElec Int+2 SInv}
rElec   +          Harm     .   T - +2 cloak {Will+}
rCorr   .          Rampage  .   (gloves unavailable)
Will    +++..      Archmagi +   (boots unavailable) Stlth *********+
                                l - amulet of Oxkick {RegenMP Drain Regen+ Str+2 Int+4}
HPRegen 1.15/turn               W - ring of Onte {AC+4 Int+7}
MPRegen 0.74/turn               G - ring of the Mage {Wiz Archmagi}

@: mighty, confusing by touch, wreathed by umbra, studying 5 skills, very quick
A: very small, no large weapons, unfitting armour, see invisible, speed 3, fangs
1, large bone plates 1, deformed body, strong 1, wild magic 1
}: 3/15 runes: serpentine, barnacled, silver
a: Renounce Religion, Shadow Step, Shadow Form


You were on level 14 of a ziggurat.
You worshipped Dithmenos.
Dithmenos was exalted by your worship.
You visited 11 branches of the dungeon, and saw 50 of its levels.
You visited 1 bazaar.
You visited 1 ziggurat, and saw 14 of its levels.
You also visited: Sewer and Ice Cave.

You collected 14056 gold pieces.
You spent 2316 gold pieces at shops.

Inventory:

Hand Weapons
 t - a +9 quick blade of electrocution (weapon)
 L - a +3 quick blade of protection
Missiles
 g - 24 atropa-tipped darts
 q - 8 curare-tipped darts (quivered)
 V - 15 datura-tipped darts
Armour
 d - an orb of guile (worn)
 y - the +3 crown of Dyrovepreva (worn) {rElec Int+2 SInv}
   (You found it on level 5 of the Vaults)

   Int:       It affects your intelligence (+2).
   rElec:     It insulates you from electricity.
   SInv:      It lets you see invisible.
 z - +5 steam dragon scales (worn)
 T - a +2 cloak of willpower (worn)
Jewellery
 l - the amulet of Oxkick (around neck) {RegenMP Drain Regen+ Str+2 Int+4}
   (You found it on level 12 of a ziggurat)

   [amulet of magic regeneration]

   It increases your rate of magic regeneration.
   Str:       It affects your strength (+2).
   Int:       It affects your intelligence (+4).
   Regen:     It increases your rate of health regeneration.
   Drain:     It drains your maximum health when unequipped.
 G - the ring of the Mage (right hand) {Wiz Archmagi}
   (You found it on level 1 of the Depths)

   [ring of wizardry]

   It improves your spell success rate.
   Archmagi:  It increases the power of your magical spells.
 S - a ring of flight
 W - the ring of Onte (left hand) {AC+4 Int+7}
   (You found it on level 6 of the Lair of Beasts)

   [ring of protection]

   AC:        It affects your AC (+4).
   Int:       It affects your intelligence (+7).
 X - the ring "Biritt" {rPois Str+6 Slay+2}
   (You found it on level 1 of the Realm of Zot)

   [ring of strength]

   Str:       It affects your strength (+6).
   Slay:      It affects your accuracy & damage with ranged weapons and melee
   (+2).
   rPois:     It protects you from poison.
 Y - the ring of Shadows {Umbra +Inv Stlth+}
   (You found it in an ice cave)

   [ring of stealth]

   It surrounds you with an aura of shadow, increasing your stealth and reducing
   the accuracy of all others within it.
   +Inv:      It lets you turn invisible.
   Stlth:     It makes you more stealthy.
 Z - the ring of Jiratomn {rCorr Str-2 Int+5}
   (You found it on level 4 of the Shoals)

   [ring of resist corrosion]

   Str:       It affects your strength (-2).
   Int:       It affects your intelligence (+5).
   rCorr:     It protects you from acid and corrosion.
Wands
 a - a wand of digging (4)
 e - a wand of polymorph (17)
 n - a wand of iceblast (29)
 C - a wand of acid (25)
 K - a wand of mindburst (28)
 M - a wand of charming (20)
 R - a wand of paralysis (17)
Scrolls
 i - 20 scrolls of teleportation
 k - a scroll of immolation
 p - 13 scrolls of fear
 u - 3 scrolls of brand weapon
 x - 11 scrolls of fog
 A - 5 scrolls of amnesia
 H - 4 scrolls of magic mapping
 J - 9 scrolls of blinking
Potions
 b - 17 potions of curing
 c - 2 potions of invisibility
 f - 3 potions of heal wounds
 h - 14 potions of brilliance
 o - 6 potions of berserk rage
 r - 5 potions of magic
 v - 7 potions of might
 w - 6 potions of flight
 D - 5 potions of resistance
 F - 12 potions of mutation
 I - 6 potions of cancellation
 N - 4 potions of haste
 P - 4 potions of ambrosia
Miscellaneous
 s - a phantom mirror
 E - a lightning rod (4/4)
 O - a box of beasts


   Skills:
 + Level 18.2 Fighting
 - Level 12.0 Short Blades
 O Level 27 Dodging
 O Level 27 Stealth
 O Level 27 Spellcasting
 + Level 26.8 Hexes
 - Level 3.0 Necromancy
 - Level 7.0 Earth Magic
 - Level 11.0 Evocations


You had 29 spell levels left.
You knew the following spells:

 Your Spells              Type           Power      Damage    Failure   Level
a - Ensorcelled Hibernat  Hex/Ice        100%       N/A       1%          2
b - Tukima's Dance        Hex            100%       N/A       1%          3
c - Dazzling Flash        Conj/Hex       100%       N/A       1%          3
d - Confusing Touch       Hex            100%       N/A       1%          3
e - Apportation           Tloc           100%       N/A       1%          1
f - Stone Arrow           Conj/Erth      100%       3d13      1%          3
g - Discord               Hex            80%        N/A       1%          8
h - Cause Fear            Hex            80%        N/A       1%          4
i - Blink                 Tloc           100%       N/A       1%          2
j - Dispel Undead         Necr           89%        3d28      1%          4
k - Lee's Rapid Deconstr  Erth           53%        3d26*     1%          5
l - Enfeeble              Hex            80%        N/A       1%          7
m - Passage of Golubria   Tloc           71%        N/A       3%          4
n - Scorch                Fire           100%       2d10      1%          2

Your spell library contained the following spells:

 Spells                   Type           Power      Damage    Failure   Level
 Animate Skeleton         Necr           100%       N/A       1%          1
 Foxfire                  Conj/Fire      100%       2x1d9     1%          1
 Sandblast                Erth           100%       2d20      1%          1
 Slow                     Hex            100%       N/A       1%          1
 Sting                    Tmut/Pois      100%       1d8       1%          1
 Summon Small Mammal      Summ           100%       N/A       1%          1
 Corpse Rot               Necr/Air       100%       N/A       1%          2
 Passwall                 Tmut/Erth      75%        N/A       1%          2
 Poisonous Vapours        Pois/Air       100%       N/A       1%          2
 Static Discharge         Conj/Air       71%        N/A       1%          2
 Call Canine Familiar     Summ           71%        N/A       1%          3
 Conjure Flame            Conj/Fire      71%        6-21      1%          3
 Ignite Poison            Fire/Tmut/Pois 71%        N/A       1%          3
 Inner Flame              Hex/Fire       100%       N/A       1%          3
 Lesser Beckoning         Tloc           71%        N/A       1%          3
 Ozocubu's Armour         Ice            71%        N/A       1%          3
 Portal Projectile        Hex/Tloc       100%       N/A       1%          3
 Spider Form              Tmut/Pois      71%        N/A       1%          3
 Summon Guardian Golem    Hex/Summ       100%       N/A       1%          3
 Swiftness                Air            71%        N/A       1%          3
 Vampiric Draining        Necr           89%        2d12      1%          3
 Anguish                  Hex/Necr       67%        N/A       1%          4
 Animate Dead             Necr           44%        N/A       1%          4
 Fulminant Prism          Conj/Hex       64%        3d27      1%          4
 Leda's Liquefaction      Hex/Erth       69%        N/A       1%          4
 Borgnjor's Vile Clutch   Necr/Erth      49%        N/A       1%          5
 Metabolic Englaciation   Hex/Ice        64%        N/A       1%          5
 Yara's Violent Unravell  Hex/Tmut       64%        3d24      1%          5
 Excruciating Wounds      Necr           44%        N/A       2%          5
 Flame Wave               Conj/Fire      71%        2d13      3%          4
 Hailstorm                Conj/Ice       71%        3d15      3%          4
 Ice Form                 Ice/Tmut       71%        N/A       3%          4
 Iskenderun's Mystic Bla  Conj/Tloc      71%        2d14      3%          4
 Olgreb's Toxic Radiance  Pois           71%        N/A       3%          4
 Sticky Flame             Conj/Fire      71%        2d8       3%          4
 Blade Hands              Tmut           35%        N/A       9%          5
 Freezing Cloud           Conj/Ice/Air   35%        6-21      9%          5
 Lightning Bolt           Conj/Air       35%        1d53      9%          5
 Manifold Assault         Tloc           71%        N/A       9%          5
 Statue Form              Tmut/Erth      60%        N/A       11%         6
 Death Channel            Necr           44%        N/A       13%         6
 Simulacrum               Ice/Necr       40%        N/A       22%         6
 Conjure Ball Lightning   Conj/Air       35%        3x3d11    38%         6
 Starburst                Conj/Fire      35%        6d10      38%         6
 Summon Cactus Giant      Summ           35%        N/A       38%         6
 Dragon Form              Tmut           35%        N/A       88%         7
 Ozocubu's Refrigeration  Ice            35%        4d12      88%         7
 Lehudib's Crystal Spear  Conj/Erth      45%        10d11     97%         8
 Borgnjor's Revivificati  Necr           44%        N/A       98%         8
 Disjunction              Tloc           35%        N/A       100%        8
 Ignition                 Fire           35%        3d11      100%        8
 Necromutation            Tmut/Necr      40%        N/A       100%        8
 Chain Lightning          Conj/Air       35%        3d47      100%        9
 Death's Door             Necr           44%        N/A       100%        9
 Fire Storm               Conj/Fire      35%        8d9       100%        9
 Polar Vortex             Ice            35%        N/A       100%        9
 Shatter                  Erth           53%        3d40*     100%        9


Dungeon Overview and Level Annotations

Branches:
Dungeon (15/15)            Temple (1/1) D:7            Lair (6/6) D:10
 Shoals (4/4) Lair:3        Snake (4/4) Lair:4        Slime (0/5) Lair:5
    Orc (2/2) D:12            Elf (3/3) Orc:2        Vaults (5/5) D:14
  Crypt (3/3) Vaults:3       Tomb (0/3) Crypt:3      Depths (4/4) D:15
    Zot (3/5) Depths:4      Sewer (visited)           IceCv (visited)

Altars:
Ashenzari
Cheibriados
Dithmenos
Elyvilon
Fedhas
Hepliaklqana
Makhleb
Nemelex Xobeh
Okawaru
Qazlal
Sif Muna
Trog
Uskayaw
Vehumet
Xom
Zin
The Shining One
Beogh
Lugonu

Shops:
D:1 [   Orc:2 [((:=   Elf:1 (   Elf:3 *   Shoals:2 ((:   Vaults:3 (
Vaults:4 :   Vaults:5 *(   Depths:1 :==

Portals:
Hell: Depths:1 Depths:2 Depths:3 Depths:4
Abyss: Depths:2 Depths:3
Pandemonium: Depths:2 Depths:3

Annotations:
Lair:5 exclusion: 2 oklob plants
Elf:2 3 runed translucent doors


Innate Abilities, Weirdness & Mutations

You are very small and have problems with some larger weapons.
You are too small for most types of armour.
You have supernaturally acute eyesight. (SInv)
You cover ground extremely quickly. (Speed+++)
You have very sharp teeth.
You are partially covered in large bone plates. (SH +4)
Armour fits poorly on your strangely shaped body.
Your muscles are strong. (Str +2)
Your spells are a little harder to cast, but a little more powerful.


Message History

Aiming: Stone Arrow (safe; 1% risk of failure)
Press: ? - help, Shift-Dir - straight line, f - Zaupung
Aim: Zaupung, armed with a freezing touch (heavily wounded, fast, strong, frenzied and insane, dazed, chance to confuse on hit: 39%, umbra, 31% to hit)
You feel a surge of power!
The stone arrow hits Zaupung!
Zaupung is heavily wounded.
Your shadow mimicks your spell!
The shadow shard hits Zaupung!
Unknown command.
Casting: Stone Arrow (safe; 1% risk of failure)
Confirm with . or Enter, or press ? or * to list all spells.
Aiming: Stone Arrow (safe; 1% risk of failure)
Press: ? - help, Shift-Dir - straight line, f/p - Zaupung
Aim: Zaupung, armed with a freezing touch (heavily wounded, fast, strong, frenzied and insane, dazed, chance to confuse on hit: 39%, umbra, 31% to hit)
You feel a surge of power!
The stone arrow hits Zaupung!!
Zaupung is severely wounded.
Your shadow mimicks your spell!
The shadow shard hits Zaupung!
Zaupung growls, "I shall feast on thy spirit!"
Zaupung misses you.
Casting: Stone Arrow (safe; 1% risk of failure)
Confirm with . or Enter, or press ? or * to list all spells.
Aiming: Stone Arrow (safe; 1% risk of failure)
Press: ? - help, Shift-Dir - straight line, f/p - Zaupung
Aim: Zaupung, armed with a freezing touch (severely wounded, fast, strong, frenzied and insane, dazed, chance to confuse on hit: 39%, umbra, 31% to hit)
You feel a surge of power!
The stone arrow misses Zaupung.
Zaupung is lost in a daze. x2
Unknown command.
Casting: Stone Arrow (safe; 1% risk of failure)
Confirm with . or Enter, or press ? or * to list all spells.
Aiming: Stone Arrow (safe; 1% risk of failure)
Press: ? - help, Shift-Dir - straight line, f/p - Zaupung
Aim: Zaupung, armed with a freezing touch (severely wounded, fast, strong, frenzied and insane, dazed, chance to confuse on hit: 39%, umbra, 31% to hit)
You feel a surge of power!
The stone arrow misses Zaupung.
Your shadow mimicks your spell!
The shadow shard hits Zaupung.
Zaupung hits you!!!
* * * LOW HITPOINT WARNING * * *
You emit a cloud of dark smoke.
Zaupung freezes you.
* * * LOW HITPOINT WARNING * * *
You emit a cloud of dark smoke.
Zaupung misses you. Zaupung hits you!!!!
You die...

▓▓▓▓▓▓▓▓▓▓▓▓▓
▓...........▓
▓...........▓
▓.§§§§......▓
▓▓▓▓▓▓.§@&§......▓▓▓▓▓▓▓▓
.......§§§§..........§§.▓
...†................§§§.▓
....................§§§§▓
||.†................§§§§▓
|?.)..)............§§§§§▓
u).................§§§§§▓
))..................§§§§▓
?)...................§§§▓


You could see the neutral Zaupung (fast, strong, insane, dazed).

Vanquished Creatures
  A pandemonium lord (Zig:1)
  Mara (Shoals:4)
  The ghost of Erphurifo the Ninja, a legendary GnWn of Zin (Zig:11)
  An ancient lich (Vaults:5)
  A juggernaut (Depths:2)
  Boris (Crypt:3)
  The ghost of P0WERM0DE the Severer, a veteran DDCK of Jiyva (Zig:11)
  A Killer Klown (Zig:2)
  2 caustic shrikes
  6 golden dragons
  3 bone dragons
  A shard shrike zombie (Crypt:3)
  An iron giant (Zig:12)
  An electric golem (Zot:3)
  4 liches
  Zenata (Elf:3)
  Rupert (Orc:2)
  Mlioglotl (Snake:2)
  Jorgrun (Orc:2)
  A deep elf blademaster (Elf:3)
  2 titans
  8 tentacled monstrosities
  A deep elf master archer (Elf:2)
  2 quicksilver dragons
  An acid blob (Zig:13)
  7 tengu reavers
  5 sphinxes
  3 storm dragons
  3 ancient champions
  Agnes (Snake:3)
  2 death cobs
  Frances (D:12)
  Roxanne (D:14)
  5 shadow dragons
  2 revenants
  A daeva (Zig:10)
  A fire giant (shapeshifter) (Depths:2)
  A rockslime (Zig:13)
  3 nagarajas (Snake:4)
  9 fire giants
  A draconian knight (Zot:1)
  8 frost giants
  Aizul (Snake:2)
  8 vault wardens
  3 spectral caustic shrikes (Depths:3)
  A ghost moth (Zig:6)
  2 draconian scorchers (Zot:2)
  2 iron dragons (Elf:1)
  5 deep elf sorcerers
  2 curse skulls
  A draconian shifter (Depths:4)
  2 ghouls
  A draconian annihilator (Depths:4)
  An angel (Zig:10)
  7 ironbound preservers
  A demonspawn blood saint (Zig:9)
  The ghost of stil the Frost Mage, a journeyman MfIE of Vehumet (Lair:6)
  14 stone giants
  5 war gargoyles
  2 reapers
  2 quicksilver oozes (Zig:4)
  2 ironbound thunderhulks
  5 very ugly things
  A black draconian (Depths:4)
  6 vampire knights
  3 green draconians
  2 deep elf demonologists
  Azrael (D:13)
  A deep elf annihilator (Elf:3)
  A purple draconian (Depths:4)
  A yellow draconian (Zot:2)
  3 red draconians
  5 white draconians
  5 spark wasps (Depths:2)
  6 dire elephants
  A wendigo (Zig:7)
  2 crystal guardians (Vaults:4)
  4 deep elf death magi
  5 eidola
  5 fire dragons
  Josephine (Lair:4)
  2 jiangshi (Crypt:1)
  2 merfolk impalers
  3 mummy priests (Crypt:3)
  5 ettins
  A vault guard (Vaults:5)
  3 great orbs of eyes
  7 yaktaur captains
  3 rakshasas (Depths:2)
  2 salamander tyrants (Snake:4)
  Fannar (D:11)
  6 hydras
  2 ironbound frosthearts
  6 naga warriors
  2 spriggan air magi
  7 ice dragons
  5 boulder beetles
  An ogre mage (Vaults:5)
  2 peacekeepers
  2 merfolk avatars
  5 satyrs
  13 dancing weapons
  A merfolk aquamancer (Shoals:2)
  4 alligator snapping turtles
  8 centaur warriors
  An alligator (Lair:6)
  13 anacondas
  A death knight (Crypt:2)
  A deep troll shaman (Depths:2)
  9 tengu warriors
  8 death yaks
  3 deep troll earth magi (Depths:2)
  4 vampire magi
  9 two-headed ogres
  3 shock serpents
  3 spriggan berserkers (Depths:2)
  2 orc high priests (Orc:2)
  2 iron trolls (Depths:2)
  Nergalle (D:12)
  6 naga sharpshooters
  3 hell knights (Depths:4)
  6 deep elf knights
  2 soul eaters
  2 salamander mystics
  A shadow wraith (Crypt:3)
  11 skeletal warriors
  A bunyip zombie (Crypt:1)
  4 naga ritualists
  A glowing orange brain (Depths:3)
  A spriggan simulacrum (Crypt:1)
  12 sea snakes
  13 deep trolls
  3 bog bodies (Crypt:3)
  4 obsidian statues
  5 ironbound convokers
  A swamp dragon (Lair:6)
  4 deep elf archers
  3 orc knights
  A sphinx zombie (Crypt:3)
  A shadow dragon zombie (Vaults:4)
  8 phantasmal warriors
  7 wizards
  15 harpies
  10 lindwurms
  7 deep elf zephyrmancers
  10 mana vipers
  9 deep elf pyromancers
  Pikel (D:7)
  A wolf spider (D:15)
  A shining eye (shapeshifter) (Zig:2)
  An oklob plant (Lair:5)
  A fire giant zombie (Crypt:3)
  8 fauns
  10 cyclopes
  6 orc sorcerers
  8 moths of wrath
  39 ugly things
  A cyclops (shapeshifter) (Depths:4)
  A black mamba (shapeshifter) (D:14)
  A jorogumo skeleton (Crypt:3)
  11 elephants
  17 manticores
  6 guardian serpents
  A goliath frog skeleton (Crypt:2)
  A fire giant skeleton (Vaults:4)
  A naga zombie (Crypt:1)
  6 vault sentinels
  7 naga magi
  6 merfolk sirens
  3 ice statues (IceCv)
  24 black mambas
  11 salamanders
  6 water nymphs
  A shock serpent skeleton (Crypt:2)
  2 gargoyles
  13 cane toads
  A grey draconian zombie (Crypt:1)
  A storm dragon simulacrum (Depths:1)
  2 human zombies
  10 yaktaurs
  A centaur skeleton (Crypt:1)
  2 freezing wraiths
  2 spriggan zombies
  4 unseen horrors
  11 komodo dragons
  2 efreet
  4 rime drakes
  7 tengu conjurers
  2 entropy weaver simulacra (IceCv)
  12 guardian mummies (Crypt:3)
  9 trolls
  3 meliai (D:14)
  12 merfolk
  A meliai (shapeshifter) (D:14)
  A slime creature (shapeshifter) (Vaults:5)
  3 hornets
  A hornet (shapeshifter) (D:13)
  10 polar bears (Lair:6)
  Prince Ribbit (D:5)
  6 snapping turtles
  7 dream sheep
  4 blink frogs (Lair:6)
  2 jumping spider zombies (Crypt:2)
  A harpy skeleton (Crypt:1)
  3 wind drakes
  A radroach zombie (Crypt:1)
  24 slime creatures
  A raiju (Lair:6)
  A raiju (shapeshifter) (D:8)
  A stone giant simulacrum (Vaults:4)
  8 large abominations (Depths:2)
  An air elemental (Elf:2)
  2 vampires
  11 wraiths
  55 yaks
  A centaur simulacrum (D:15)
  14 water elementals
  9 wyverns
  16 humans (D:14)
  4 shadows
  4 ushabtiu (Crypt:3)
  2 chaos spawn (Depths:2)
  3 steam dragons
  5 fire elementals
  3 vampire mosquitoes
  A redback simulacrum (D:14)
  2 death yak simulacra
  5 basilisks
  9 wargs
  A harpy simulacrum (Crypt:1)
  15 nagas
  A two-headed ogre zombie (D:12)
  12 water moccasins
  5 acid dragons
  3 small abominations (Depths:2)
  15 hell hounds
  A swamp drake (Lair:6)
  25 orc warriors
  A cane toad skeleton (Crypt:2)
  19 black bears
  4 ice beasts (D:8)
  8 ogres
  30 wolves
  10 centaurs
  A blink frog skeleton (Crypt:1)
  2 phantoms
  A lemure (D:7)
  3 kobold brigands
  2 earth elementals
  11 bullfrogs
  An elf skeleton (Crypt:3)
  3 necrophages
  2 two-headed ogre simulacra (Orc:2)
  2 scorpions
  6 wights (D:8)
  A salamander skeleton (Crypt:3)
  An elephant simulacrum (IceCv)
  12 killer bees
  6 howler monkeys
  2 electric eels (Snake:1)
  2 jellies
  A lava snake (Elf:3)
  Crazy Yiuf (D:3)
  6 hounds
  19 orc priests
  10 iguanas
  24 orc wizards
  7 hell rats (Lair:2)
  2 polar bear simulacra (IceCv)
  2 troll simulacra (Orc:2)
  3 wolf simulacra
  7 ogre zombies (D:12)
  A mummy (Crypt:3)
  Robin (D:3)
  5 gnolls
  2 naga simulacra (Orc:2)
  A river rat (D:3)
  15 adders
  2 shadow imps (D:7)
  5 white imps
  2 ufetubi
  2 dart slugs
  66 orcs
  10 ball pythons
  6 bats
  3 endoplasms
  7 giant cockroaches
  20 goblins
  14 hobgoblins
  18 kobolds
  7 quokkas
  7 frilled lizards
  4 goblin skeletons
  2 goblin zombies (D:12)
  2 hobgoblin zombies (D:12)
  A kobold zombie (Crypt:2)
  2 orc skeletons (D:12)
  16 orc zombies (D:12)
  8 rats
  A bush (Bazaar)
  A butterfly (Lair:5)
  2 creeping infernos (Zot:2)
1550 creatures vanquished.

Vanquished Creatures (collateral kills)
  An ancient lich (Vaults:5)
  Mennas (Crypt:3)
  2 dread liches (Vaults:5)
  An orb of fire (Zot:1)
  A royal mummy (Crypt:3)
  Vv (Crypt:3)
  3 Killer Klowns (Zig:14)
  The ghost of P0WERM0DE the Severer, a veteran DDCK of Jiyva (Zig:11)
  2 caustic shrikes (Depths:4)
  5 pearl dragons (Zig:10)
  An iron giant (Zig:12)
  2 pandemonium lords
  An Ice Fiend (Zig:9)
  A Hell Sentinel (Zig:9)
  2 tentacled monstrosities (Zot:3)
  Asterion (Depths:2)
  A walking earthen tome (Depths:2)
  3 titans
  A quicksilver dragon (Snake:4)
  A deep elf master archer (Elf:3)
  An acid blob (Zig:13)
  A deep elf blademaster (Elf:3)
  3 sphinxes
  An ancient champion (Crypt:1)
  A tengu reaver (Depths:2)
  A shadow dragon (shapeshifter) (Zig:14)
  A storm dragon (Zot:1)
  3 shadow dragons
  A rockslime (Zig:13)
  2 draconian knights
  5 fire giants
  5 frost giants
  An emperor scorpion (shapeshifter) (Zig:14)
  An emperor scorpion (Zig:6)
  4 revenants
  4 vault wardens
  6 draconian scorchers
  2 orc warlords
  3 deep elf sorcerers (Elf:3)
  2 iron dragons
  2 cacodemons (Depths:1)
  2 draconian stormcallers
  5 ironbound preservers
  3 deep elf elementalists (Elf:3)
  3 draconian shifters
  A demonspawn blood saint (Zig:9)
  2 ghouls
  4 war gargoyles
  An angel (Zig:10)
  2 ophanim (Zig:10)
  A quicksilver ooze (Zig:13)
  20 very ugly things
  3 draconian annihilators
  6 stone giants
  2 vampire knights
  2 ironbound thunderhulks
  8 black draconians
  4 deep elf demonologists
  11 deep elf annihilators (Elf:3)
  4 yellow draconians
  5 wendigos
  3 purple draconians
  2 demonspawn black suns
  3 red draconians
  An entropy weaver (Zig:6)
  6 green draconians
  An eidolon (Crypt:1)
  A minotaur (Shoals:4)
  2 dire elephants (Vaults:2)
  7 white draconians
  2 deep elf death magi (Elf:3)
  A merfolk javelineer (Shoals:3)
  3 jiangshi (Crypt:1)
  2 green deaths
  5 ettins
  2 crystal guardians (Vaults:4)
  3 fire dragons (Depths:2)
  A merfolk impaler (Shoals:3)
  8 yaktaur captains
  12 deep elf high priests
  3 great orbs of eyes
  2 salamander tyrants (Snake:4)
  4 peacekeepers (Vaults:4)
  2 naga warriors (Snake:4)
  A merfolk avatar (Shoals:3)
  28 vault guards
  2 ice dragons
  2 anacondas (Snake:4)
  A spriggan air mage (Depths:2)
  2 ghost crabs (Zig:11)
  An ironbound frostheart (Vaults:3)
  2 centaur warriors (Vaults:3)
  2 death knights (Crypt:1)
  A two-headed ogre (D:8)
  4 deep troll earth magi
  4 deep troll shamans
  A satyr (shapeshifter) (Zig:14)
  8 satyrs
  2 vampire magi (Crypt:1)
  A tengu warrior (Depths:2)
  A naga sharpshooter (Snake:4)
  2 spriggan berserkers
  8 hell knights (Depths:4)
  7 deep elf knights
  4 soul eaters
  A spatial maelstrom (Zig:3)
  A salamander mystic (Snake:4)
  2 sixfirhies (Depths:1)
  A pharaoh ant (Zig:6)
  2 cherubim (Zig:10)
  A sea snake (Shoals:4)
  An iron troll (shapeshifter) (Zig:14)
  11 skeletal warriors
  2 glowing orange brains (Depths:2)
  An obsidian statue (Depths:1)
  3 orange crystal statues (Zig:5)
  12 ironbound convokers
  26 deep trolls
  2 naga ritualists (Snake:4)
  7 wizards
  A spriggan simulacrum (Crypt:1)
  4 bog bodies (Crypt:3)
  5 lindwurms
  4 necromancers
  An orb spider (Zig:6)
  9 deep elf archers
  5 orc knights
  5 harpies
  4 phantasmal warriors
  16 deep elf zephyrmancers
  9 fauns
  8 deep elf pyromancers
  A manticore (shapeshifter) (Vaults:4)
  7 moths of wrath
  An orc sorcerer (Elf:1)
  3 salamanders
  22 ugly things
  A wolf spider (Zig:6)
  6 cyclopes
  A cyclops (shapeshifter) (Vaults:5)
  5 manticores
  An apocalypse crab (Zig:14)
  4 vault sentinels
  2 naga magi (Snake:4)
  A water nymph (shapeshifter) (Zig:14)
  3 black mambas (Snake:4)
  A titan simulacrum (Zig:5)
  A water nymph (Shoals:4)
  An eye of devastation (Zig:13)
  An orange demon (Depths:1)
  5 smoke demons
  A dire elephant skeleton (Crypt:1)
  2 hellions (Zot:2)
  A tormentor (Zig:5)
  17 yaktaurs
  A freezing wraith (Crypt:1)
  An ice devil (Depths:1)
  2 tengu conjurers
  A hellwing (Depths:1)
  A red devil (Depths:1)
  19 guardian mummies (Crypt:3)
  11 merfolk
  A sphinx simulacrum (Zig:7)
  2 wind drakes
  4 dream sheep (Shoals:4)
  38 slime creatures
  A tarantella (Zig:6)
  2 snapping turtles
  12 dancing weapons
  A frost giant simulacrum (Zig:7)
  Sigmund (D:3)
  An alligator skeleton (Crypt:1)
  A satyr skeleton (Crypt:1)
  2 culicivoras (Zig:6)
  3 wraiths (Crypt:1)
  4 ushabtiu (Crypt:3)
  5 water elementals
  A ynoxinul (Depths:1)
  A fire elemental (Zig:8)
  3 chaos spawn (Zig:14)
  2 golden eyes (Zig:13)
  14 nagas
  A floating eye (Zig:13)
  4 orc warriors
  An ogre (Orc:1)
  A gnoll sergeant (D:8)
  A naga simulacrum (Crypt:1)
  4 earth elementals
  A necrophage (Crypt:3)
  6 wights (D:8)
  A wyvern skeleton (Crypt:1)
  A shapeshifter zombie (Crypt:1)
  2 orc priests (Elf:1)
  Terence (D:3)
  2 orc wizards
  An ogre zombie (Crypt:3)
  A deep dwarf skeleton (Crypt:1)
  A hound skeleton (Crypt:1)
  A mummy (Crypt:3)
  2 gnolls
  A lava snake skeleton (Crypt:3)
  13 orcs
  A hobgoblin skeleton (Crypt:1)
745 creatures vanquished.

Vanquished Creatures (others)
  A deep elf blademaster (Elf:3)
  A deep elf master archer (Elf:3)
  A storm dragon (Zot:3)
  2 draconian knights (Zot:2)
  2 deep elf sorcerers (Elf:3)
  A daeva (Zig:10)
  A fire giant (Depths:3)
  A vault warden (Vaults:3)
  A nargun (Zig:7)
  2 frost giants (Depths:2)
  A balrug (Depths:1)
  A demonspawn corrupter (Zig:9)
  A draconian stormcaller (Zot:2)
  A very ugly thing (Depths:3)
  A stone giant (Depths:2)
  2 ironbound preservers
  A vampire knight (Depths:2)
  2 green draconians
  A lorocyproca (Zig:9)
  2 yellow draconians (Zot:1)
  A purple draconian (Zot:1)
  A deep elf death mage (Elf:3)
  An eidolon (Zig:11)
  A mummy priest (Crypt:3)
  2 fire dragons
  2 yaktaur captains
  4 vault guards (Vaults:5)
  A spriggan air mage (Depths:3)
  An ironbound frostheart (Vaults:4)
  A merfolk aquamancer (Shoals:3)
  An alligator snapping turtle (Shoals:4)
  A vampire mage (Crypt:1)
  A shock serpent (Snake:4)
  A spriggan (Depths:3)
  2 deep elf knights
  A soul eater (Crypt:3)
  2 iron trolls (Depths:4)
  4 deep trolls
  3 skeletal warriors (Crypt:1)
  A flayed ghost (Crypt:3)
  2 deep elf archers (Elf:1)
  2 ironbound convokers
  2 necromancers
  2 deep elf pyromancers (Elf:1)
  A wizard (Depths:1)
  3 ugly things
  4 deep elf zephyrmancers
  A manticore (Shoals:4)
  A faun (Shoals:4)
  A salamander (Snake:4)
  2 black mambas (Snake:4)
  A merfolk siren (Shoals:4)
  3 moths of wrath
  A hellion (Depths:1)
  A yaktaur (Vaults:4)
  A golden dragon simulacrum (Zig:7)
  2 guardian mummies (Crypt:3)
  A merfolk (Shoals:4)
  A hornet (Depths:3)
  A wind drake (Shoals:4)
  2 slime creatures
  A chaos spawn (Depths:2)
  29 dancing weapons
  A necrophage (Crypt:1)
  A mummy (Crypt:3)
  An orc (Elf:1)
  32 fungi
  127 plants
285 creatures vanquished.

Grand Total: 2580 creatures vanquished

Notes
Turn   | Place    | Note
-------+----------+-------------------------------------------
     0 | D:1      | Hofan the Spriggan Enchanter began the quest for the Orb.
     0 | D:1      | Reached XP level 1. HP: 9/9 MP: 5/5
   434 | D:1      | Reached XP level 2. HP: 13/13 MP: 7/7
   437 | D:1      | Learned a level 2 spell: Ensorcelled Hibernation
   605 | D:1      | Found Hesaloir's Antique Armour Shop.
   751 | D:2      | Found a faded altar of an unknown god.
   923 | D:2      | Got Plato's Incunabulum of Poisoning
  1005 | D:2      | Identified the +0 pair of boots "Keas" {+Inv}
  1011 | D:2      | Reached XP level 3. HP: 15/16 MP: 9/9
  1060 | D:2      | Learned a level 3 spell: Tukima's Dance
  1064 | D:2      | Learned a level 3 spell: Confusing Touch
  1615 | D:2      | Learned a level 1 spell: Apportation
  2016 | D:3      | Reached XP level 4. HP: 15/21 MP: 8/11
  2035 | D:3      | Reached skill level 5 in Hexes
  2404 | D:3      | Found a glowing drain.
  2411 | Sewer    | Entered a sewer
  3020 | Sewer    | Reached XP level 5. HP: 24/24 MP: 10/13
  3069 | Sewer    | Reached skill level 5 in Spellcasting
  3084 | Sewer    | Learned a level 3 spell: Dazzling Flash
  3168 | D:3      | Found a snail-covered altar of Cheibriados.
  3191 | D:3      | Noticed Robin
  3564 | D:3      | Killed Robin
  3622 | D:3      | Noticed Sigmund
  3624 | D:3      | Noticed Terence
  3680 | D:3      | Killed Sigmund
  3681 | D:3      | Reached skill level 5 in Stealth
  3681 | D:3      | Reached XP level 6. HP: 23/28 MP: 1/15
  3686 | D:3      | Killed Terence
  3890 | D:3      | Found a runed translucent door.
  3891 | D:3      | Noticed Crazy Yiuf
  3898 | D:3      | Killed Crazy Yiuf
  4626 | D:4      | Found a sparkling altar of Nemelex Xobeh.
  4701 | D:4      | Reached XP level 7. HP: 29/32 MP: 6/17
  5263 | D:5      | Entered Level 5 of the Dungeon
  5327 | D:5      | Gained mutation: You are frail. (-10% HP) [potion of
                  | mutation]
  5327 | D:5      | Gained mutation: Your spells are a little easier to cast,
                  | but a little less powerful. [potion of mutation]
  5395 | D:5      | Found a stormy altar of Qazlal.
  5961 | D:5      | Found a glowing golden altar of the Shining One.
  5994 | D:5      | Noticed a +0 dagger
  5994 | D:5      | Noticed a +0 spear
  5994 | D:5      | Noticed a +0 short sword
  5994 | D:5      | Noticed a +0 dagger
  5994 | D:5      | Noticed a +0 spear
  5997 | D:5      | Noticed Prince Ribbit
  6000 | D:5      | Found a hide-covered altar of Uskayaw.
  6000 | D:5      | Noticed a +0 falchion
  6013 | D:5      | Noticed a +0 falchion
  6028 | D:5      | Noticed a +0 short sword
  6043 | D:5      | Killed Prince Ribbit
  6044 | D:5      | Reached XP level 8. HP: 24/32 MP: 6/20
  6711 | D:6      | Found a shadowy altar of Dithmenos.
  6719 | D:6      | Became a worshipper of Dithmenos the Shadowed
  7247 | D:6      | Reached skill level 10 in Stealth
  7335 | D:6      | Lost mutation: You are frail. (-10% HP) [potion of
                  | mutation]
  7335 | D:6      | Lost mutation: Your spells are a little easier to cast, but
                  | a little less powerful. [potion of mutation]
  7335 | D:6      | Gained mutation: You expend magic power (3 MP) to
                  | strengthen your wands. [potion of mutation]
  7335 | D:6      | Gained mutation: You have a pair of small horns on your
                  | head. [potion of mutation]
  7869 | D:7      | Reached XP level 9. HP: 39/39 MP: 22/22
  7990 | D:7      | Reached * piety under Dithmenos
  8098 | D:7      | Found a staircase to the Ecumenical Temple.
  8128 | D:7      | Noticed Pikel
  8222 | D:7      | Killed Pikel
  8223 | D:7      | Reached skill level 1 in Fighting
  8718 | Temple   | Entered the Ecumenical Temple
  9141 | D:8      | Reached skill level 10 in Hexes
  9145 | D:8      | Reached skill level 5 in Dodging
  9147 | D:8      | Reached XP level 10. HP: 33/47 MP: 8/24
  9162 | D:8      | Reached skill level 10 in Spellcasting
  9163 | D:8      | Reached ** piety under Dithmenos
  9333 | D:8      | Noticed a boulder beetle
  9333 | D:8      | Noticed a cyclops
  9358 | D:8      | Killed a boulder beetle
  9420 | D:8      | Killed a cyclops
  9662 | D:8      | Noticed a tengu warrior
  9675 | D:8      | Killed a tengu warrior
  9676 | D:8      | Reached skill level 5 in Short Blades
  9702 | D:8      | Noticed a two-headed ogre
  9704 | D:8      | Killed a two-headed ogre
  9741 | D:8      | Noticed a two-headed ogre
  9775 | D:8      | Killed a two-headed ogre
  9776 | D:8      | Reached XP level 11. HP: 36/53 MP: 13/26
  9917 | D:8      | Noticed a centaur warrior
  9917 | D:8      | Noticed a centaur warrior
  9918 | D:8      | Noticed a two-headed ogre
  9921 | D:8      | Killed a centaur warrior
  9922 | D:8      | Killed a two-headed ogre
  9945 | D:8      | Killed a centaur warrior
 10485 | D:8      | Reached *** piety under Dithmenos
 10955 | D:8      | Found a white marble altar of Elyvilon.
 11391 | D:9      | Found a hazy altar of Hepliaklqana.
 11772 | D:9      | Found a blossoming altar of Fedhas.
 11807 | D:10     | Entered Level 10 of the Dungeon
 11852 | D:10     | Found a shimmering blue altar of Sif Muna.
 11866 | D:10     | Reached skill level 5 in Fighting
 11924 | D:10     | Noticed a two-headed ogre
 11934 | D:10     | Killed a two-headed ogre
 12062 | D:10     | Found a shimmering altar of Xom.
 12365 | D:9      | Reached **** piety under Dithmenos
 12527 | D:10     | Reached XP level 12. HP: 60/60 MP: 25/28
 12659 | D:10     | Found a staircase to the Lair.
 12783 | D:10     | Found a broken altar of Ashenzari.
 13007 | D:10     | Found a glowing silver altar of Zin.
 13074 | D:11     | Noticed a two-headed ogre
 13103 | D:11     | Killed a two-headed ogre
 13259 | D:11     | Noticed Fannar
 13315 | D:11     | Killed Fannar
 13480 | D:11     | Noticed a six-headed hydra
 13489 | D:11     | Killed a six-headed hydra
 13775 | D:11     | Found an iron altar of Okawaru.
 13952 | D:12     | Reached skill level 10 in Dodging
 13955 | D:12     | Reached skill level 15 in Stealth
 14270 | D:12     | Found a staircase to the Orcish Mines.
 14323 | D:12     | Reached ***** piety under Dithmenos
 14424 | D:12     | Noticed a boulder beetle
 14428 | D:12     | Killed a boulder beetle
 14446 | D:12     | Noticed a centaur warrior
 14450 | D:12     | Killed a centaur warrior
 14507 | D:12     | Found Qulyovie's General Store.
 15132 | D:12     | Noticed Frances
 15136 | D:12     | Killed Frances
 15137 | D:12     | Reached XP level 13. HP: 60/65 MP: 25/30
 15358 | D:12     | Noticed Nergalle
 15363 | D:12     | Killed Nergalle
 16919 | D:13     | Noticed Azrael
 16923 | D:13     | Killed Azrael
 17419 | D:14     | Found a gate to the Vaults.
 18005 | D:14     | Reached skill level 10 in Short Blades
 18005 | D:14     | Reached XP level 14. HP: 53/72 MP: 23/32
 18541 | D:14     | Identified Roxanne's Tome of the Rocks
 18541 | D:14     | Noticed Roxanne
 18830 | D:14     | You fall into a shaft and drop 1 floor!
 18830 | D:15     | Entered Level 15 of the Dungeon
 19100 | D:14     | Found a blossoming altar of Fedhas.
 19502 | Lair:1   | Entered Level 1 of the Lair of Beasts
 19576 | Lair:1   | Identified the ring "Icwilott" {rElec rPois rF- rC+ Int+6}
 20221 | Lair:2   | Reached ****** piety under Dithmenos
 21226 | Lair:3   | Found a staircase to the Shoals.
 21880 | Lair:4   | Noticed Josephine
 21890 | Lair:4   | Killed Josephine
 22748 | Lair:4   | Found a staircase to the Snake Pit.
 23146 | Lair:5   | Learned a level 3 spell: Stone Arrow
 23173 | Lair:5   | Reached XP level 15. HP: 74/78 MP: 34/34
 23497 | Lair:5   | Found a staircase to the Slime Pits.
 23759 | Lair:6   | Entered Level 6 of the Lair of Beasts
 23766 | Lair:6   | Found a runed translucent door.
 23768 | Lair:6   | Noticed stil's ghost (journeyman MfIE)
 23828 | Lair:6   | Reached skill level 15 in Hexes
 24006 | Lair:6   | Reached skill level 15 in Spellcasting
 25889 | Lair:6   | Identified the +2 shortbow of Hezoebut {venom, +Blink
                  | Str+3}
 26104 | Lair:6   | Killed stil's ghost
 26132 | Lair:6   | Identified the ring of Onte {AC+4 Int+7}
 26569 | Orc:1    | Entered Level 1 of the Orcish Mines
 26814 | Orc:2    | Entered Level 2 of the Orcish Mines
 26814 | Orc:2    | Found Ezeug's Jewellery Shoppe.
 27121 | Orc:2    | Noticed Rupert
 27124 | Orc:2    | Killed Rupert
 27202 | Orc:2    | Noticed Jorgrun
 27212 | Orc:2    | Killed Jorgrun
 27350 | Orc:2    | Found a frozen archway.
 27354 | Orc:2    | Found a staircase to the Elven Halls.
 27398 | IceCv    | Entered an ice cave
 27481 | IceCv    | Identified the +6 long sword of Uskayaw's Hope {antimagic,
                  | rCorr Int+5}
 27501 | IceCv    | Identified the ring of Ajewics {Will+ Str+2 Int+6 Dex+2}
 27658 | IceCv    | Found the ring of Shadows {Umbra +Inv Stlth+}
 27915 | Orc:1    | Reached skill level 1 in Evocations
 28634 | Orc:2    | Found Uteshiem's Book Emporium.
 28674 | Orc:2    | Bought a book of Hexes for 468 gold pieces
 28683 | Orc:2    | Learned a level 8 spell: Discord
 28791 | Orc:2    | Found Daxtog's Weapon Boutique.
 28880 | Orc:2    | Noticed an orc warlord
 28884 | Orc:2    | Reached XP level 16. HP: 69/84 MP: 32/36
 28888 | Orc:2    | Reached skill level 5 in Evocations
 29120 | Orc:2    | Found Vuam's Antique Armour Emporium.
 29125 | Orc:2    | Found Wouluen's Antique Weapon Shoppe.
 29843 | D:15     | Found a staircase to the Depths.
 30312 | D:15     | Reached skill level 10 in Evocations
 30670 | D:15     | Upgraded the game from 0.29-a0-234-g0dae59b3db to
                  | 0.29-a0-241-g20d21d4356
 30874 | Snake:1  | Entered Level 1 of the Snake Pit
 31848 | Snake:1  | Reached skill level 15 in Dodging
 32284 | Snake:2  | Noticed Mlioglotl
 32286 | Snake:2  | Killed Mlioglotl
 32836 | Snake:2  | Noticed Aizul
 32838 | Snake:2  | Killed Aizul
 33875 | Snake:3  | Reached skill level 10 in Fighting
 33894 | Snake:3  | Noticed Agnes
 33897 | Snake:3  | Killed Agnes
 33898 | Snake:3  | Reached XP level 17. HP: 89/89 MP: 38/38
 34705 | Snake:4  | Entered Level 4 of the Snake Pit
 34926 | Shoals:1 | Entered Level 1 of the Shoals
 36314 | Shoals:1 | Upgraded the game from 0.29-a0-241-g20d21d4356 to
                  | 0.29-a0-251-g80730f7218
 36386 | Shoals:2 | Found Zathiydyon's Book Boutique.
 36396 | Shoals:2 | Learned a level 4 spell: Cause Fear
 36424 | Shoals:2 | Found Muywum's Weapon Emporium.
 36562 | Shoals:2 | Found Iryegi's Antique Armour Boutique.
 36615 | Shoals:2 | Found Raunej's Antique Weapon Shoppe.
 36626 | Shoals:2 | Found a runed translucent door.
 38863 | Shoals:4 | Entered Level 4 of the Shoals
 38867 | Shoals:4 | Noticed Mara
 38869 | Shoals:4 | Killed Mara
 38907 | Shoals:4 | Identified the ring of Jiratomn {rCorr Str-2 Int+5}
 38986 | Shoals:4 | Reached XP level 18. HP: 95/95 MP: 32/40
 39338 | Shoals:4 | Identified the +3 halberd "Joahig" {holy, rC+ Dex+3}
 39560 | Shoals:4 | Identified the +3 flail "Ocryem" {flame, Will+ Stlth+}
 40313 | Shoals:4 | Got a barnacled rune of Zot
 40812 | Snake:4  | Identified the amulet of Zacemetown {Reflect Int+2 SH+5}
 41601 | Snake:4  | Got a serpentine rune of Zot
 42068 | Snake:4  | Identified the +2 pair of gloves of Neotzi {Str+5}
 43201 | Vaults:1 | Entered Level 1 of the Vaults
 43252 | Vaults:1 | Learned a level 2 spell: Blink
 43257 | Vaults:1 | Learned a level 4 spell: Dispel Undead
 43894 | Vaults:1 | Reached XP level 19. HP: 100/100 MP: 33/42
 44085 | Vaults:1 | Identified the +10 war axe of Traps {freeze, rF+ rN+}
 44582 | Vaults:2 | You are sucked into a shaft and drop 1 floor!
 46007 | Vaults:3 | Found a staircase to the Crypt.
 46667 | Vaults:3 | Found Lurariefu's Weapon Boutique.
 47377 | Vaults:3 | Identified the +2 robe of Infinity {rC+ Dex+7}
 47534 | Vaults:4 | Reached XP level 20. HP: 107/107 MP: 31/45
 47573 | Vaults:4 | Identified the +6 quarterstaff of the Riding Visionary
                  | {vorpal, Str+4 Dex+3}
 48229 | D:14     | Killed Roxanne
 49406 | Vaults:4 | Identified a scroll of acquirement
 49544 | Vaults:4 | Acquired a +3 quick blade
 49626 | Vaults:4 | Found Goth's Book Emporium.
 49675 | Vaults:4 | Bought a book of Blasting for 416 gold pieces
 49681 | Vaults:4 | Learned a level 5 spell: Lee's Rapid Deconstruction
 49915 | Vaults:4 | Identified the +0 helmet of the Engineer {Contam Harm MP-9
                  | SInv}
 49934 | Vaults:4 | Reached skill level 1 in Earth Magic
 50090 | Vaults:4 | Learned a level 7 spell: Enfeeble
 50458 | Elf:1    | Entered Level 1 of the Elven Halls
 51104 | Elf:1    | Found Zuangiru's Weapon Shop.
 51108 | Elf:1    | Got Wumerel's Incunabulum of Ignition
 51427 | Elf:1    | Found a runed translucent gate.
 51427 | Elf:1    | Found a runed translucent gate.
 51427 | Elf:1    | Found a runed translucent gate.
 51427 | Elf:1    | Found a runed translucent gate.
 51427 | Elf:1    | Found a runed translucent gate.
 51428 | Elf:1    | Found a runed translucent gate.
 53467 | Elf:2    | Found a runed translucent gate.
 53504 | Elf:2    | Found a runed translucent gate.
 53504 | Elf:2    | Found a runed translucent gate.
 53657 | Elf:3    | Entered Level 3 of the Elven Halls
 53789 | Elf:3    | Reached XP level 21. HP: 113/113 MP: 47/47
 53794 | Elf:3    | Found Qyaruoc's Elven Fire.
 53932 | Elf:3    | Noticed Zenata
 53935 | Elf:3    | Killed Zenata
 54226 | Elf:2    | Found a radiant altar of Vehumet.
 54602 | Elf:3    | Reached skill level 5 in Earth Magic
 55117 | Elf:3    | Got the Collected Works on Floating Changing
 55120 | Elf:3    | Identified the +6 glaive of Victory {vorpal, rPois rN++
                  | Dex-3 Stlth+}
 55159 | Elf:3    | Identified the +1 plate armour "Erghedid" {rC+ Will+}
 55162 | Elf:3    | Identified the +10 war axe "Muhimoud" {antimagic, Str+2
                  | Int+2}
 55164 | Elf:3    | Identified the ring of Otefeom {Ice rElec Dex+3}
 55237 | Elf:3    | Identified the +10 flail "Killer Bee's Doom" {vorpal,
                  | *Noise rF+ rC+ Dex+2}
 55253 | Elf:3    | Identified the ring of Gapnaet {Dex+6 Stlth+}
 55256 | Elf:3    | Identified the +1 scale mail of the Valley {rElec rC+
                  | Slay+2}
 55805 | Vaults:5 | Entered Level 5 of the Vaults
 55864 | Vaults:5 | Killed a dread lich
 55871 | Vaults:5 | Found Petauf's General Store.
 55880 | Vaults:5 | Bought a potion of magic for 168 gold pieces
 55880 | Vaults:5 | Bought a scroll of holy word for 157 gold pieces
 55880 | Vaults:5 | Bought a scroll of teleportation for 63 gold pieces
 56023 | Vaults:5 | Noticed an ancient lich
 56031 | Vaults:5 | Killed an ancient lich
 56032 | Vaults:5 | Reached skill level 1 in Necromancy
 56041 | Vaults:5 | Killed a dread lich
 56114 | Vaults:5 | Noticed a golden dragon
 56116 | Vaults:5 | Killed a golden dragon
 56294 | Vaults:5 | Noticed a golden dragon
 56310 | Vaults:5 | Killed a golden dragon
 56349 | Vaults:5 | Reached XP level 22. HP: 110/119 MP: 32/49
 56443 | Vaults:5 | Found the +3 crown of Dyrovepreva {rElec Int+2 SInv}
 56528 | Vaults:5 | Identified the +4 demon blade of Okyrch {drain, rF+ rC+}
 56973 | Vaults:5 | Found Xocom's Antique Weapon Boutique.
 57217 | Vaults:5 | Got a silver rune of Zot
 57254 | Vaults:5 | Noticed an ancient lich
 57261 | Vaults:5 | Killed an ancient lich
 57864 | Depths:1 | Entered Level 1 of the Depths
 57917 | Depths:1 | Found a flickering gateway to a bazaar.
 57927 | Bazaar   | Entered a bazaar
 57927 | Bazaar   | Found Tolak's Antique Weapon Shop.
 57927 | Bazaar   | Found Cuvoecwa's Armour Boutique.
 57927 | Bazaar   | Found Arehasai's Book Boutique.
 57927 | Bazaar   | Found Malor's Antique Weapon Boutique.
 57927 | Bazaar   | Found Zuer's Armour Shop.
 58057 | Bazaar   | Bought a Necronomicon for 504 gold pieces
 58057 | Bazaar   | Bought a book of Annihilations for 540 gold pieces
 58204 | Depths:1 | Found the ring of the Mage {Wiz Archmagi}
 58287 | Depths:1 | Found a runed translucent door.
 58574 | Depths:1 | Found Hiloxaenk's Book Shop.
 58574 | Depths:1 | Found Dif Dedgh's Jewellery Emporium.
 58577 | Depths:1 | Found Dasuakhe's Jewellery Emporium.
 59030 | Depths:1 | Found a gateway to Hell.
 59751 | Depths:2 | Found a one-way gate leading to the halls of Pandemonium.
 60073 | Depths:2 | Noticed a golden dragon
 60383 | Depths:2 | Killed a golden dragon
 60639 | Depths:2 | Noticed a juggernaut
 60643 | Depths:2 | Killed a juggernaut
 60750 | Depths:2 | Reached XP level 23. HP: 125/125 MP: 43/50
 60767 | Depths:2 | Identified the +9 kite shield "Seleurhi" {rF+ Will++ rCorr}
 60767 | Depths:2 | Noticed Asterion
 60935 | Depths:2 | Noticed a caustic shrike
 60947 | Depths:2 | Killed Asterion
 61058 | Depths:2 | Killed a caustic shrike
 61344 | Depths:2 | Found a one-way gate to the infinite horrors of the Abyss.
 61613 | Depths:3 | Found a corrupted altar of Lugonu.
 61652 | Depths:3 | Reached skill level 27 in Stealth
 62663 | Depths:3 | Acquired 951 gold pieces
 62838 | Depths:4 | Entered Level 4 of the Depths
 62918 | Depths:4 | Found a one-way gateway to a ziggurat.
 62952 | Depths:4 | Reached skill level 15 in Fighting
 63258 | Depths:4 | Noticed a caustic shrike
 63262 | Depths:4 | Noticed a caustic shrike
 63263 | Depths:4 | Noticed a caustic shrike
 63266 | Depths:4 | Killed a caustic shrike
 63268 | Depths:4 | Killed a caustic shrike
 63279 | Depths:4 | Killed a caustic shrike
 63403 | Depths:4 | Lost mutation: You have a pair of small horns on your head.
                  | [potion of mutation]
 63403 | Depths:4 | Lost mutation: You expend magic power (3 MP) to strengthen
                  | your wands. [potion of mutation]
 63403 | Depths:4 | Gained mutation: Your muscles are strong. (Str +2) [potion
                  | of mutation]
 63403 | Depths:4 | Gained mutation: Your spells are a little harder to cast,
                  | but a little more powerful. [potion of mutation]
 63403 | Depths:4 | Gained mutation: You have very sharp teeth. [potion of
                  | mutation]
 63403 | Depths:4 | Gained mutation: You are partially covered in large bone
                  | plates. (SH +4) [potion of mutation]
 63472 | Depths:4 | Found a gate to the Realm of Zot.
 64238 | Crypt:1  | Entered Level 1 of the Crypt
 65285 | Crypt:2  | Reached XP level 24. HP: 132/132 MP: 51/52
 66178 | Crypt:3  | Entered Level 3 of the Crypt
 66232 | Crypt:3  | Found a staircase to the Tomb.
 66248 | Crypt:3  | Noticed Vv
 66266 | Crypt:3  | HP: 6/133 [Vv (66)]
 66266 | Crypt:3  | Killed Vv
 67095 | Crypt:3  | Noticed Mennas
 67114 | Crypt:3  | Killed Mennas
 67296 | Crypt:3  | Noticed Boris
 67425 | Crypt:3  | Killed Boris
 67438 | Crypt:3  | Noticed a royal mummy
 67569 | Crypt:3  | Killed a royal mummy
 68032 | Crypt:3  | Found the +7 Singing Sword {vorpal, sonic wave}
 68063 | Crypt:3  | Identified the +0 plate armour of the Six Ziggurats {Harm
                  | rN+ Stlth+}
 68600 | Zot:1    | Entered Level 1 of the Realm of Zot
 68612 | Zot:1    | Found a transporter.
 69257 | Zot:1    | Found a transporter.
 69416 | Zot:1    | Noticed an orb of fire
 69421 | Zot:1    | Killed an orb of fire
 69739 | Zot:1    | Identified the ring "Paxel" {rPois Str+6 Int+3}
 69755 | Zot:1    | Identified the ring "Biritt" {rPois Str+6 Slay+2}
 71132 | Zot:2    | Reached XP level 25. HP: 139/139 MP: 53/53
 71695 | Zot:3    | Noticed an orb of fire
 71700 | Zot:3    | Gained mutation: Armour fits poorly on your strangely
                  | shaped body. [an orb of fire]
 71963 | Zig:1    | Entered Level 1 of a ziggurat
 71963 | Zig:1    | Noticed Peir the pandemonium lord
 71982 | Zig:1    | Killed Peir the pandemonium lord
 72171 | Zig:2    | Entered Level 2 of a ziggurat
 72172 | Zig:2    | Noticed a Killer Klown
 72175 | Zig:2    | Killed a Killer Klown
 72190 | Zig:3    | Entered Level 3 of a ziggurat
 72328 | Zig:4    | Entered Level 4 of a ziggurat
 72423 | Zig:5    | Entered Level 5 of a ziggurat
 72431 | Zig:5    | Paralysed by a wendigo for 1 turns
 72439 | Zig:5    | Noticed a shard shrike
 72439 | Zig:5    | Noticed a shard shrike
 72443 | Zig:5    | Noticed a shard shrike
 72443 | Zig:5    | Noticed a shard shrike
 72443 | Zig:5    | Noticed a shard shrike
 72443 | Zig:5    | Noticed a shard shrike
 72602 | Zig:5    | Identified the ring of Bicirozu {rC- rCorr Str+2 SInv}
 72608 | Zig:5    | Reached skill level 27 in Dodging
 72608 | Zig:5    | Reached XP level 26. HP: 144/144 MP: 53/53
 72613 | Zig:6    | Entered Level 6 of a ziggurat
 72732 | Zig:7    | Entered Level 7 of a ziggurat
 72889 | Zig:7    | Identified the ring of Lusouth {*Corrode rElec rN+ Int+4
                  | Dex+9}
 72899 | Zig:7    | Got Lauf Ticw's Collected Works on the Birds
 72913 | Zig:7    | Learned a level 4 spell: Passage of Golubria
 72933 | Zig:7    | Learned a level 2 spell: Scorch
 72938 | Zig:8    | Entered Level 8 of a ziggurat
 72998 | Zig:8    | Identified the +9 falchion "Fastu" {vorpal, rN+}
 73009 | Zig:8    | Identified the ring of Inomamn {rF- Will+++ rCorr Dex+6
                  | Stlth+}
 73020 | Zig:9    | Entered Level 9 of a ziggurat
 73031 | Zig:9    | Noticed Hyget the pandemonium lord
 73047 | Zig:9    | Killed Hyget the pandemonium lord
 73138 | Zig:9    | Identified the amulet of Urorit {Spirit rC++ Will- rCorr}
 73145 | Zig:9    | Identified the +5 battleaxe of the Median {elec, Dex+3}
 73155 | Zig:10   | Entered Level 10 of a ziggurat
 73279 | Zig:10   | Reached XP level 27. HP: 150/150 MP: 54/54
 73285 | Zig:11   | Entered Level 11 of a ziggurat
 73297 | Zig:11   | Noticed P0WERM0DE's ghost (veteran DDCK)
 73298 | Zig:11   | Noticed P0WERM0DE's ghost (veteran DDCK)
 73298 | Zig:11   | Noticed Erphurifo's ghost (legendary GnWn)
 73324 | Zig:11   | Killed P0WERM0DE's ghost
 73359 | Zig:11   | Killed Erphurifo's ghost
 73410 | Zig:11   | Killed P0WERM0DE's ghost
 73414 | Zig:11   | Identified the amulet of Sotecsya {RegenMP Will- Str+6
                  | SInv}
 73419 | Zig:11   | Identified the +0 plate armour of Zin's Supremacy {+Blink
                  | rF+ Str+3}
 73462 | Zig:12   | Entered Level 12 of a ziggurat
 73557 | Zig:12   | Identified the +3 chain mail of Ruis {Harm rC- Str+6}
 73558 | Zig:12   | Identified the +0 leather armour of Privacy {Regen+ rCorr
                  | Str+2}
 73564 | Zig:12   | Identified the +6 plate armour of Qeuxagur {*Corrode Int+6
                  | Dex+3}
 73571 | Zig:12   | Reached skill level 27 in Spellcasting
 73575 | Zig:12   | Identified the amulet of Oxkick {RegenMP Drain Regen+ Str+2
                  | Int+4}
 73613 | Zig:13   | Entered Level 13 of a ziggurat
 73632 | Zig:13   | Paralysed by a floating eye for 3 turns
 73652 | Zig:13   | Paralysed by a floating eye for 2 turns
 73740 | Zig:13   | Found the +6 Majin-Bo {vamp, MP+6 Int+6}
 73748 | Zig:13   | Identified the +7 war axe of Makhleb's Benevolence {freeze,
                  | rF+ rN++ Int+2}
 73766 | Zig:13   | Identified the +2 scimitar of Chaos {pain, rC+}
 73773 | Zig:13   | Acquired 723 gold pieces
 73777 | Zig:13   | Acquired 815 gold pieces
 73790 | Zig:14   | Entered Level 14 of a ziggurat
 73804 | Zig:14   | Noticed Zaupung the pandemonium lord
 73804 | Zig:14   | Noticed Gynetzoz the pandemonium lord
 73819 | Zig:14   | Killed Gynetzoz the pandemonium lord
 73953 | Zig:14   | Annihilated by Zaupung the pandemonium lord

Illustrated notes

Levels and vault maps discovered:
D:1:      minmay_arrival_doors, layout_basic, serial_shops, shop,
          minmay_misc_feat_square
D:2:      layout_loops_ring, shapermc_ecumenical_altar_rom_forum
D:3:      layout_basic, nicolae_overflow_crystal_walls, gup_sewer_entry_bubbles,
          chequers_serial_rivers_small_a, chequers_serial_rivers_room_b,
          uniq_crazy_yiuf_cottage, uniq_terence, uniq_robin, uniq_sigmund
D:4:      layout_cave_pools, nemelex_diamond_rough_becter
D:5:      layout_loops_corners, nicolae_uskayaw_en_pointe,
          nicolae_tso_carved_into_rock, nicolae_qazlal_eye_of_the_storm,
          uniq_prince_ribbit1
D:6:      layout_basic, mainiacjoe_overflow_alcove_1
D:7:      layout_cave_pools, minmay_temple_entry_glass, uniq_pikel
D:8:      minmay_the_grid_octo_tiled_octocenter [minmay_the_grid_octo_odd_swirl,
          minmay_the_grid_octo_teeth, minmay_the_grid_octo_horde,
          minmay_the_grid_octo_chip, minmay_the_grid_octo_prize_big_c,
          minmay_the_grid_square_5x5_bracketed,
          minmay_the_grid_square_5x5_detours,
          minmay_the_grid_square_5x5_minivault,
          minmay_the_grid_square_5x5_dogpile], layout_basic,
          nicolae_elyvilon_peaceful_grove, minmay_alternating_orb
D:9:      layout_rooms, marbit_many_paths, mainiacjoe_overflow_cross_hatched,
          grunt_decor_cap
D:10:     layout_cave_pools, mainiacjoe_overflow_chevrons,
          amcnicky_altar_gilded, lemuel_coloured_pillars_altar,
          lemuel_crystal_altar, due_lair_maze_entry_diamond, patterned_corridor
D:11:     layout_long_grid, okawaru_altar_gauntlet_db, uniq_fannar
D:12:     minmay_inner_zag, layout_irregular_city, zombieorc2_lemuel,
          serial_shops, shop, uniq_nergalle, uniq_frances
D:13:     minmay_thick_lines, layout_rooms, uniq_azrael
D:14:     layout_basic, david_vaults_3, hangedman_decor_lopped,
          fedhas_altar_fruit_tree, uniq_roxanne
D:15:     hangedman_depths_entry_try_elsewhere_first, layout_basic,
          minivault_11, minmay_hedge_maze
Temple:   compressed_dpeg_triangle_lava_temple
Lair:1:   layout_chaotic_city
Lair:2:   layout_cave_pods
Lair:3:   layout_roguey, shoals_dummy_entry
Lair:4:   layout_long_grid, dummy_snake_entry, uniq_josephine
Lair:5:   layout_misc_corridors, minmay_slime_entry_oklob_enclosed,
          beast_lair_carwin_11, lemuel_fruit_fields
Lair:6:   guppyfry_lair_end_dragon, layout_cave_pods,
          hangedman_lair_caniforms_friends, ebering_ghost_inner_flame,
          lemuel_fruit_tree
Shoals:1: layout_shoals, nicolae_shoals_nymph_descending_staircase
Shoals:2: layout_shoals, serial_shops, shop, nicolae_shop_hallway_plus, shop,
          nicolae_shop_trees, nicolae_shoals_lost_giant_temple, lightli_airlock
Shoals:3: layout_shoals, nicolae_shoals_loop_pool
Shoals:4: shoals_end_hellmonk_lost_city, serial_shops, uniq_mara
Snake:1:  layout_misc_corridors, serial_bayou_shore_a
Snake:2:  layout_misc_corridors, nicolae_snake_gridmaze_big_u, uniq_mlioglotl,
          uniq_aizul
Snake:3:  layout_honeycomb, grunt_megastairs_5, serial_bayou_shore_b, uniq_agnes
Snake:4:  hellmonk_snake_rune_quicksilver_temple, layout_onion,
          grunt_megastairs_1
Orc:1:    layout_caves, nicolae_orc_lost_temple
Orc:2:    grunt_orc_community_town_hall, layout_caves,
          grunt_orc_community_big_house_1, grunt_orc_community_big_house_1,
          grunt_orc_community_house_1, grunt_orc_community_house_1,
          grunt_orc_community_house_1, grunt_orc_community_house_2,
          grunt_orc_community_house_1, grunt_orc_community_house_1,
          portal_ice_cave_entry_ice_simulacra, serial_shops,
          nicolae_shop_hallway_plus, uniq_rupert, uniq_jorgrun
Elf:1:    eino_elf_arrival_the_gate, layout_geoelf_octagon, serial_shops,
          shop_fountains, orc_legates, hangedman_elf_represent
Elf:2:    nicolae_elf_blades_crystal_corner, layout_gridlike,
          amcnicky_mini_rare_corridor_liquid, guppyfry_elf_garden,
          lemuel_elevator, lemuel_upstairs_altar
Elf:3:    minmay_elf_hall_hex, layout_loops_corners, guppyfry_elf_lava,
          uniq_zenata
Vaults:1: vaults_room_grid, ontoclasm_vaults_gateway, layout_vaults_omnigrid
Vaults:2: nicolae_vaults_yaktaur_gun_rack, hangedman_vaults_nails,
          nicolae_vaults_mini_display_case, hangedman_vaults_stream,
          ontoclasm_vaults_ligature, vaults_dpeg_doors, v_alt_pattern_1,
          hangedman_vaults_stretched_pinwheel, ontoclasm_vaults_ring_square,
          nicolae_vaults_diagonal_hallway_8, v_alt_pattern_1, vaults_dpeg_ring,
          v_misc_12, layout_vaults_omnibox
Vaults:3: minmay_crypt_entry_simple_round, ontoclasm_vaults_tryst,
          nicolae_vaults_three_branches, vaults_mumra_hex,
          grunt_vaults_diagonal, v_misc_23, v_misc_8,
          nicolae_vaults_diagonal_hallway_9, vaults_room_semicircle,
          v_alt_pattern_1, nicolae_vaults_angled_halls, ontoclasm_vaults_fault,
          ontoclasm_vaults_idyll, ontoclasm_vaults_shuriken,
          layout_vaults_big_cross, serial_shops, shop
Vaults:4: hangedman_vaults_maws, hangedman_vaults_capsules,
          grunt_vaults_hallway_long, nicolae_vaults_network_barrier,
          vaults_mumra_minichess_inversion, nicolae_vaults_network_s,
          nicolae_vaults_network_square, vaults_room_guarded_vault,
          hangedman_vaults_impose, vaults_room_pool, vaults_room_pool,
          layout_vaults_maze_snakey, serial_shops, shop
Vaults:5: serial_shops
Crypt:1:  layout_basic, chequers_big_river
Crypt:2:  layout_chaotic_city, uniq_josephina
Crypt:3:  due_elkab, layout_chaotic_city, uniq_vv, uniq_boris, uniq_mennas
Depths:1: layout_honeycomb, serial_shops, bzr_entry_lakeside,
          grunt_hell_entry_demonic_statue, minmay_guarded_unrand_mage,
          minmay_shop_grove
Depths:2: hangedman_box_tower, layout_small_grid, nicolae_elevator_lobby_plus,
          pan_entry, grunt_hell_entry_dis_grunt, minmay_room_of_horrors,
          corexii_corridor_pit, minmay_misc_feat_four_crosses, uniq_asterion
Depths:3: wad_lake_hut, layout_cave_shapes, kennysheep_small_spiral, pan_entry,
          abyss_entry_flame_altar, pf_hell_entry_tar_river,
          infiniplex_staircase_squiggle
Depths:4: grunt_crosshair, layout_basic, enter_ziggurat_c, hell_entry,
          serial_bayou_pond_c
Zot:1:    gammafunk_its_a_trap, layout_misc_corridors
Zot:2:    layout_gridlike, hangedman_hellfire_club
Zot:3:    layout_gridlike
Zig:14

Skill      XL: |  1  2  3  4  5  6  7  8  9 10 11 12 13 14 15 16 17 18 19 20 21 22 23 24 25 26 27 |
---------------+----------------------------------------------------------------------------------+-----
Spellcasting   | 3 4 5 6 7 8 9 10 11 12 13 14 15 16 17 18 20 21 22 24 25 26 27 | 27.0
Hexes          | 4 5 6 7 9 10 11 12 13 14 15 16 18 19 20 21 22 23 24 25 26 | 26.8
Stealth        | 5 6 8 10 11 13 14 15 16 18 19 20 21 22 23 24 25 26 27 | 27.0
Fighting       | 2 4 5 6 7 8 9 10 11 12 13 14 15 16 17 18 | 18.2
Short Blades   | 3 5 7 8 10 11 12 | 12.0
Dodging        | 5 7 9 10 12 13 14 15 16 17 19 20 22 23 25 26 27 | 27.0
Evocations     | 3 11 | 11.0
Earth Magic    | 4 7 |  7.0
Necromancy     | 2 3 |  3.0

Action                   |  1- 3 |  4- 6 |  7- 9 | 10-12 | 13-15 | 16-18 | 19-21 | 22-24 | 25-27 || total
-------------------------+-------+-------+-------+-------+-------+-------+-------+-------+-------++-------
Melee: Dagger            |    93 |   173 |   196 |   410 |  1144 |   546 |   268 |       |       ||  2830
       Unarmed           |       |     9 |       |       |       |       |       |       |       ||     9
       Headbutt          |       |       |    21 |    88 |   265 |    85 |    77 |   116 |       ||   652
       Quick blade       |       |       |       |       |       |       |   131 |   882 |    58 ||  1071
       Bite              |       |       |       |       |       |       |       |   111 |    13 ||   124
Throw: Dart              |       |       |     1 |       |       |       |       |       |       ||     1
 Cast: Ensorcelled Hiber |    14 |    38 |    51 |    85 |   217 |   193 |    80 |    53 |    11 ||   742
       Confusing Touch   |       |     2 |     8 |    30 |    41 |     9 |    11 |    73 |     8 ||   182
       Tukima's Dance    |       |     7 |    16 |    16 |    23 |    39 |    31 |    20 |     5 ||   157
       Discord           |       |       |       |       |       |    25 |    58 |    80 |    24 ||   187
       Stone Arrow       |       |       |       |       |       |       |    27 |    10 |    25 ||    62
       Dispel Undead     |       |       |       |       |       |       |       |    26 |    12 ||    38
       Lee's Rapid Decon |       |       |       |       |       |       |       |    19 |     2 ||    21
       Enfeeble          |       |       |       |       |       |       |       |     1 |       ||     1
       Passage of Golubr |       |       |       |       |       |       |       |       |     1 ||     1
Invok: Shadow Step       |       |       |       |     1 |     4 |     5 |     2 |     4 |     4 ||    20
Evoke: Wand              |       |       |     1 |       |    11 |     2 |     2 |       |     1 ||    17
       Lightning rod     |       |       |       |     3 |     4 |       |       |       |       ||     7
       Box of beasts     |       |       |       |       |       |     1 |       |       |       ||     1
  Use: Scroll            |     5 |    11 |    10 |     6 |    17 |     7 |     6 |    15 |    14 ||    91
       Potion            |       |     2 |     4 |     4 |     6 |     4 |     8 |     7 |    11 ||    46
 Stab: Sleeping          |    17 |    34 |    44 |   103 |   257 |   246 |   126 |   149 |    14 ||   990
       Held in net/web   |     1 |       |       |       |       |       |       |       |       ||     1
       Confused          |       |     1 |     4 |    20 |    38 |     7 |    13 |    98 |     6 ||   187
       Distracted        |       |       |     3 |     2 |     9 |     6 |     6 |    13 |     1 ||    40
       Invisible         |       |       |       |       |     7 |     1 |       |     1 |       ||     9
Armor: Robe              |    10 |     8 |       |       |       |       |       |       |       ||    18
       Animal skin       |       |     6 |    26 |     4 |       |       |       |       |       ||    36
       Skin              |       |     1 |       |       |       |       |       |       |       ||     1
       Steam dragon scal |       |       |       |    25 |   107 |    43 |    37 |    73 |    19 ||   304
Dodge: Dodged            |    57 |   127 |   134 |   334 |   941 |   342 |   222 |   431 |    99 ||  2687
Block: Orb               |       |       |       |       |       |       |       |    41 |    14 ||    55

Table legend: (Time is in decaauts)
 A = Elapsed time spent in this place.
 B = Non-inter-level travel time spent in this place.
 C = Inter-level travel time spent in this place.
 D = Time resting spent in this place.
 E = Time spent auto-exploring this place.
 F = Levels seen in this place.
 G = Mean time per level.
                   A        B        C        D        E       F      G
               +--------+--------+--------+--------+--------+-----+--------+
         Total |  55476 |  52201 |   3275 |  11835 |  28228 |  67 |  828.0 |
       Dungeon |  16229 |  15278 |    951 |   2659 |   9328 |  15 | 1081.9 |
        Temple |      1 |      1 |      0 |      0 |      0 |   1 |    1.0 |
          Lair |   5306 |   5030 |    276 |    371 |   3558 |   6 |  884.3 |
        Shoals |   4205 |   4091 |    114 |   1262 |   1833 |   4 | 1051.2 |
     Snake Pit |   4750 |   4448 |    302 |   1095 |   2623 |   4 | 1187.5 |
  Orcish Mines |   1814 |   1677 |    137 |    122 |   1093 |   2 |  907.0 |
   Elven Halls |   3792 |   3639 |    153 |   1029 |   1798 |   3 | 1264.0 |
        Vaults |   6839 |   6004 |    835 |   1324 |   3305 |   5 | 1367.8 |
         Crypt |   2954 |   2873 |     81 |    746 |   1289 |   3 |  984.7 |
        Depths |   4559 |   4231 |    328 |   1137 |   2006 |   4 | 1139.8 |
           Zot |   2330 |   2236 |     94 |    644 |   1033 |   3 |  776.7 |
      Ziggurat |   1698 |   1698 |      0 |   1073 |      4 |  14 |  121.3 |
        Bazaar |    112 |    112 |      0 |      0 |     92 |   1 |  112.0 |
         Sewer |    642 |    642 |      0 |    227 |    260 |   1 |  642.0 |
      Ice Cave |    239 |    239 |      0 |    142 |      0 |   1 |  239.0 |
               +--------+--------+--------+--------+--------+-----+--------+

Top non-repeatable levels by time:
     D:8: 2017 daAuts
  Lair:6: 1859 daAuts
 Snake:4: 1818 daAuts
Vaults:3: 1812 daAuts
    D:13: 1800 daAuts
Vaults:4: 1676 daAuts
 Crypt:3: 1614 daAuts
    D:14: 1504 daAuts
   Elf:1: 1430 daAuts
Depths:2: 1430 daAuts
 Snake:3: 1389 daAuts
   Orc:2: 1346 daAuts
Vaults:5: 1309 daAuts
     D:3: 1297 daAuts
   Elf:2: 1232 daAuts
